 Dungeon Crawl Stone Soup version 0.21.1-1-g345015fe64 (webtiles) character file.

44 Kohma the Sneak (level 3, 0/16 HPs)
             Began as a Spriggan Enchanter on June 10, 2018.
             Succumbed to an adder's poison
             ... on level 1 of the Dungeon.
             The game lasted 00:12:15 (2147 turns).

Kohma the Sneak (Spriggan Enchanter)                Turns: 2147, Time: 00:12:16

Health: 0/16       AC:  2    Str:  5    XL:     3   Next: 39%
Magic:  2/8        EV: 19    Int: 16    God:
Gold:   81         SH:  0    Dex: 16    Spells: 1/7 levels left

rFire    . . .     SeeInvis +   a - +1 dagger
rCold    . . .     Gourm    .   (shield restricted)
rNeg     . . .     Faith    .   b - +0 robe
rPois    .         Spirit   .   (helmet restricted)
rElec    .         Reflect  .   (no cloak)
rCorr    .         Harm     .   (gloves unavailable)
MR       .....                  (boots unavailable)
Stlth    +++.......             (no amulet)
HPRegen  0.05/turn              (no ring)
MPRegen  0.11/turn              (no ring)

@: lethally poisoned (0 -> -5), very quick
A: very small, unfitting armour, see invisible, herbivore, speed 3, slow
metabolism 2
a: no special abilities


You were on level 1 of the Dungeon.
You were not hungry.

You visited 1 branch of the dungeon, and saw 3 of its levels.

You collected 81 gold pieces.

Inventory:

Hand Weapons
 a - a +1 dagger (weapon)
 h - a +0 short sword
 r - a +0 hunting sling
Missiles
 n - 7 tomahawks (quivered)
Armour
 b - a +0 robe (worn)
Jewellery
 e - an uncursed ring of magical power {unknown}
 g - a +6 ring of strength {unknown}
Scrolls
 o - a scroll of random uselessness {unknown}
 p - a scroll of remove curse {unknown}
 q - a scroll of identify {unknown}
Potions
 i - 2 potions of invisibility {unknown}
 j - a potion of heal wounds {unknown}
 k - a potion of curing {unknown}
 m - 2 potions of ambrosia {unknown}
 s - a potion of cancellation {unknown}
Books
 c - a book of Maledictions

   Spells                             Type                      Level
   a - Corona                         Hexes                        1
   b - Ensorcelled Hibernation        Hexes/Ice                    2
   c - Confuse                        Hexes                        3
   d - Tukima's Dance                 Hexes                        3
   e - Dazzling Spray                 Conjuration/Hexes            3
Comestibles
 d - 5 rations


   Skills:
 * Level 2.2 Short Blades
 + Level 3.4 Dodging
 + Level 4.9 Stealth
 - Level 2.6 Spellcasting
 * Level 4.4 Hexes


You had one spell level left.
You knew the following spells:

 Your Spells              Type           Power        Failure   Level  Hunger
a - Corona                Hex            ###....      3%          1    #......
b - Ensorcelled Hibernat  Hex/Ice        #.....       12%         2    ##.....
c - Confuse               Hex            ###.....     10%         3    ###....


Dungeon Overview and Level Annotations

Branches:
Dungeon (3/15)

Altars:
Fedhas
Trog


Innate Abilities, Weirdness & Mutations

You are very small and have problems with some larger weapons.
You are too small for most types of armour.
You have supernaturally acute eyesight. (SInv)
You are a herbivore.
You cover ground extremely quickly.
You need consume almost no food.


Message History

* * * LOW HITPOINT WARNING * * *
You feel sick.
* * * LOW HITPOINT WARNING * * *
You feel sick.
There is a stone staircase leading up here.
You climb upwards.
* * * LOW HITPOINT WARNING * * *
You feel sick.
Your magical contamination has completely faded away.
There is a stone staircase leading down here.
There is a lethal amount of poison in your body!
Okay, then.
Okay, then.
As you read the scroll labeled MOAMPASEETH, it crumbles to dust.
You hear a loud clanging noise!
It was a scroll of noise.
As you read the scroll labeled CYOLYR HILUWN, it crumbles to dust.
You feel strangely unstable.
It was a scroll of teleportation.
Your surroundings suddenly seem different.
You die...

########## #........######## #
#.######.#......## ##
#.######.#........ .############
#.##........#.#... ............#
#.##.###.#........ .##########.#
#.##.###.#.##..... ## #.....##.#
#@.......#.####.#. #.###.##.#
####.#####......#. #.#......# #.#
########. # #.#.#.###### #.# ##'
## #..........# #.# ##..
.#####..#####.#####.##### ##...
..## #...## #.#.........# ##....
...###....###.#.###.#...####.....
...'.........).......#.....'.....


There were no monsters in sight!

Vanquished Creatures
  2 adders (D:2)
  A dart slug (D:1)
  A leopard gecko (D:2)
  A giant cockroach (D:3)
  3 goblins
  3 hobgoblins
  A quokka (D:2)
  3 bats
  2 frilled lizards
  4 kobolds (D:1)
  3 rats
24 creatures vanquished.

Notes
Turn   | Place    | Note
-------+----------+-------------------------------------------
     0 | D:1      | Kohma the Spriggan Enchanter began the quest for the Orb.
     0 | D:1      | Reached XP level 1. HP: 9/9 MP: 5/5
   511 | D:1      | Reached XP level 2. HP: 9/13 MP: 4/6
   595 | D:1      | Learned a level 2 spell: Ensorcelled Hibernation
  1648 | D:3      | Reached XP level 3. HP: 16/16 MP: 8/8
  1659 | D:2      | Learned a level 3 spell: Confuse
  1690 | D:2      | Found a bloodstained altar of Trog.
  1690 | D:2      | Found a blossoming altar of Fedhas.
  2147 | D:1      | Succumbed to an adder's poison

Skill      XL: |  1  2 |
---------------+-------+-----
Hexes          | 4 |  4.4
Short Blades   | 2 |  2.2
Dodging        | |  3.4
Stealth        | |  4.9
Spellcasting   | |  2.6

Action                   || total
-------------------------++-------
Melee: Dagger            ||    61
 Cast: Corona            ||    10
       Ensorcelled Hiber ||    20
  Use: Scroll            ||     2
 Stab: Sleeping          ||    15
       Distracted        ||     1
Armor: Robe              ||     3
Dodge: Dodged            ||    85
